 Dungeon Crawl Stone Soup version 0.31.0-12-g77e489cdc1 (webtiles) character file.

Game seed: 7388273404316038641

1556 RancidPinata the Covert (level 8, -29/58 HPs)
             Began as an Octopode Delver on Feb 25, 2024.
             Was a Follower of Ru.
             Annihilated by an ogre
             ... wielding a +0 giant club
              (31 damage)
             ... on level 6 of the Dungeon on Feb 26, 2024.
             The game lasted 00:20:25 (8224 turns).

RancidPinata the Covert (Octopode Delver)           Turns: 8224, Time: 00:20:25

Health: -29/58     AC:  1    Str: 17    XL:     8   Next: 88%
Magic:  8/8        EV: 15    Int: 18    God:    Ru [*.....]
Gold:   357        SH:  0    Dex: 12    Spells: 5/7 levels left

rFire   . . .        d - +4 dagger (venom)
rCold   . . .        (no shield)
rNeg    . . .        (helmet restricted)
rPois   .            (no amulet)
rElec   .            j - +6 ring of intelligence
rCorr   .            (no ring)
SInv    +            (no ring)
Will    .....        (no ring)
Stlth   +++++        (no ring)
HPRegen 0.29/turn    (no ring)
MPRegen 0.11/turn    (no ring)
                     (no ring)

%: no passive effects
@: no status effects
A: almost no armour, amphibious, 8 rings, camouflage 1, gelatinous body 1,
disrupted magic 1, (nimble swimmer 1), tentacles, see invisible, strong 1
a: Renounce Religion


You were on level 6 of the Dungeon.
You worshipped Ru.
Ru was aware of your devotion.
You visited 2 branches of the dungeon, and saw 8 of its levels.

You collected 357 gold pieces.

Inventory:

Hand Weapons
 d - a +4 dagger of venom (weapon)
Missiles
 k - 3 boomerangs
 m - 28 stones (quivered)
 u - 4 atropa-tipped darts
Jewellery
 j - a +6 ring of intelligence (left tentacle)
Wands
 f - a wand of digging (3)
 l - a wand of iceblast (14)
 s - a wand of light (7)
Scrolls
 b - a scroll of fog
 c - 2 scrolls of revelation
 g - a scroll of vulnerability {unknown}
 h - 5 scrolls of identify {unknown}
 i - a scroll of blinking {unknown}
 n - 2 scrolls of enchant weapon {unknown}
 p - a scroll of amnesia {unknown}
 q - a scroll of poison {unknown}
 r - a scroll of noise {unknown}
 t - a scroll of teleportation {unknown}
Potions
 a - 2 potions of mutation
 e - 3 potions of attraction
 o - 2 potions of resistance {unknown}
 v - a potion of curing {unknown}
 w - a potion of brilliance {unknown}
 x - a potion of haste


   Skills:
 * Level 6.5 Fighting
 + Level 4.5 Short Blades
 * Level 6.0 Dodging
 * Level 10.4 Stealth


You had 5 spell levels left.
You knew the following spells:

 Your Spells              Type           Power      Damage    Failure   Level
a - Blink                 Tloc           0%         N/A       41%         2

Your spell library contained the following spells:

 Spells                   Type           Power      Damage    Failure   Level
 Lesser Beckoning         Tloc           0%         N/A       41%         2
 Momentum Strike          Conj/Tloc      0%         3d8       41%         2
 Call Canine Familiar     Summ           0%         N/A       63%         3
 Gell's Gravitas          Tloc           0%         N/A       63%         3
 Sigil of Binding         Hex            0%         N/A       63%         3
 Teleport Other           Tloc           0%         N/A       63%         3
 Tukima's Dance           Hex            0%         N/A       63%         3
 Dimensional Bullseye     Hex/Tloc       0%         N/A       95%         4
 Iskenderun's Mystic Bla  Conj/Tloc      0%         2d3       95%         4
 Summon Forest            Summ/Tloc      0%         N/A       100%        5
 Summon Mana Viper        Hex/Summ       0%         N/A       100%        5
 Dispersal                Tloc           0%         N/A       100%        6
 Summon Cactus Giant      Summ           0%         N/A       100%        6


Dungeon Overview and Level Annotations

Branches:
Dungeon (7/15)             Temple (1/1) D:5

Altars:
Ashenzari
Cheibriados
Elyvilon
Kikubaaqudgha
Nemelex Xobeh
Okawaru
Qazlal
Ru
Sif Muna
Trog
Uskayaw
Wu Jian
Xom
Yredelemnul
Zin

Annotations:
D:7 Maurice


Innate Abilities, Weirdness & Mutations

You cannot wear most types of armour.
You are amphibious.
You can wear up to eight rings at the same time.
Your skin changes colour to match your surroundings (Stealth+).
Your rubbery body absorbs attacks. (AC +1, EV +1)
Your casting is slightly disrupted.
((You are camouflaged when in or above water. (Stealth+)))
You have tentacles for arms and can constrict up to eight enemies at once.
You have supernaturally acute eyesight. (SInv)
Your muscles are strong. (Str +4, Int/Dex -1)


Message History

You constrict the wight, but do no damage.
The wight misses you.
You hit the wight. You squeeze the wight.
The wight is moderately damaged.
You constrict the wight. The wight closely misses you.
You hit the wight but do no damage.
The wight is heavily damaged.
You constrict the wight. You hit the wight but do no damage.
The wight is heavily damaged.
You constrict the wight. The wight barely misses you.
You hit the wight.
The wight is almost destroyed.
You constrict the wight, but do no damage.
The wight completely misses you.
You puncture the wight!
You destroy the wight!
Things that are here:
a +0 dagger; a +0 robe
There is a stone staircase leading down here.
You climb downwards.
Level annotation: Maurice The ogre closely misses you.
There is a stone staircase leading up here.
The ogre hits you with a +0 giant club!!
Maurice shouts!
You climb upwards.
There is a stone staircase leading down here.
You hit the ogre.
The ogre is lightly wounded.
The ogre hits you with a +0 giant club!!
Ouch! That really hurt!
* * * LOW HITPOINT WARNING * * *
You barely miss the ogre.
The ogre is lightly wounded.
You hit the ogre.
The ogre is poisoned.
The ogre is moderately wounded.
The ogre hits you with a +0 giant club!!
Ouch! That really hurt!
You die...

..#)............#
..#.............######
###..................#
......##.##..........#
......#...######.....#
......#...# #.....#
......#...# #.....#
......#...######O....#
......#...#....#@....########
[..............######.......#
......#######..#....#.......#
......#.....#.......'......<#
......#.....#..#....#.......#
......#.._..#.###...#.......#
#)##..#.....#..##...####'####
)..#..#.....#...#......#...#
..)#..###.###...#......#...#


You could see an ogre (very poisoned).

Vanquished Creatures
  Edmund (D:4)
  A black bear (D:6)
  An orc warrior (D:6)
  An ice beast (D:6)
  An ogre (D:6)
  A phantom (D:3)
  A bullfrog (D:6)
  2 wights
  4 bombardier beetles
  2 hounds
  3 jellies
  2 orc priests (D:6)
  Jessica (D:2)
  A sleepcap (D:6)
  6 iguanas
  3 orc wizards
  Robin (D:2)
  8 adders
  A shadow imp (D:6)
  2 ufetubi (D:6)
  A dart slug (D:3)
  A ribbon worm (D:4)
  19 orcs
  2 endoplasms
  10 goblins
  9 hobgoblins
  6 kobolds
  A quokka (D:4)
  5 ball pythons
  3 bats
  4 frilled lizards
  2 rats
106 creatures vanquished.

Vanquished Creatures (others)
  A black bear (D:6)
  An orc (D:6)
2 creatures vanquished.

Grand Total: 108 creatures vanquished

Notes
Turn   | Place    | Note
-------+----------+-------------------------------------------
     0 | D:5      | RancidPinata the Octopode Delver began the quest for the
                  | Orb.
     0 | D:5      | Reached XP level 1. HP: 16/16 MP: 1/1
    16 | D:6      | Noticed a black bear
   249 | D:6      | Noticed an iguana
   269 | D:6      | Found a stormy altar of Qazlal.
   308 | D:4      | Noticed a black bear
   308 | D:4      | Noticed a hound
   330 | D:4      | Found an ornate altar of the Wu Jian Council.
   422 | D:4      | Noticed a bombardier beetle
   484 | D:4      | Reached XP level 2. HP: 21/21 MP: 2/2
   909 | D:4      | Found a glowing silver altar of Zin.
  1121 | D:3      | Reached XP level 3. HP: 24/26 MP: 3/3
  1250 | D:3      | Found a shimmering blue altar of Sif Muna.
  1484 | D:3      | Noticed a phantom
  1611 | D:2      | Noticed Robin
  1617 | D:2      | Reached skill level 7 in Stealth
  1640 | D:2      | Killed Robin
  1644 | D:2      | HP: 1/26 [poisoned by Robin]
  1881 | D:2      | Noticed Jessica
  1888 | D:2      | Killed Jessica
  1889 | D:2      | Reached XP level 4. HP: 32/32 MP: 4/4
  1972 | D:2      | Found a faded altar of an unknown god.
  2220 | D:1      | Learned a level 2 spell: Blink
  2625 | D:1      | Found a transporter.
  3293 | D:2      | Reached XP level 5. HP: 37/37 MP: 5/5
  3658 | D:3      | Gained mutation: You have supernaturally acute eyesight.
                  | (SInv) [potion of mutation]
  3658 | D:3      | Gained mutation: Your muscles are strong. (Str +4, Int/Dex
                  | -1) [potion of mutation]
  3661 | D:3      | Killed a phantom
  3662 | D:3      | Reached XP level 6. HP: 8/43 MP: 6/6
  4422 | D:4      | Reached skill level 8 in Stealth
  4466 | D:4      | Found a bloodstained altar of Trog.
  4653 | D:4      | Noticed Edmund
  4968 | D:4      | Killed Edmund
  5170 | D:4      | Reached XP level 7. HP: 49/49 MP: 7/7
  6000 | Temple   | Entered the Ecumenical Temple
  6008 | Temple   | Became a worshipper of Ru the Awakened
  6030 | D:5      | Reached skill level 5 in Fighting
  6317 | D:5      | Reached skill level 9 in Stealth
  6635 | D:6      | Found a broken altar of Ashenzari.
  6692 | D:6      | Reached skill level 5 in Dodging
  6855 | D:6      | Reached XP level 8. HP: 34/57 MP: 8/8
  7231 | D:6      | Found a shimmering altar of Xom.
  7364 | D:6      | Gained mutation: Your casting is slightly disrupted. [Ru
                  | sacrifice]
  7364 | D:6      | Reached * piety under Ru
  7667 | D:6      | Reached skill level 10 in Stealth
  8204 | D:7      | Noticed Maurice
  8222 | D:6      | HP: 2/58 [ogre/+0 giant club (31)]
  8224 | D:6      | Annihilated by an ogre

Illustrated notes

Levels and vault maps discovered:
D:1:      spicycebolla_arrival_risky_transporter, layout_basic
D:2:      layout_basic, ebering_ecumenical_altar_ruins, uniq_robin, uniq_jessica
D:3:      layout_loops_corners, mainiacjoe_overflow_alcove_2
D:4:      layout_cave_pods, kennysheep_mini_moat, mainiacjoe_overflow_boulevard,
          overflow_temple_1_default, minmay_misc_feat_x, uniq_edmund
D:5:      layout_basic, temple_statues, minmay_misc_feat_rows
D:6:      layout_gridville, amcnicky_altar_gilded, xom_confusion_cloud,
          cheibrodos_ashenzari_chains, hangedman_abyss_or_decor_passed
D:7:      hangedman_cross_stitches, layout_basic, lightli_temple_of_fire,
          nzn_hepliaklqana_mist_gate, gammafunk_ghost_abyssal_escape,
          minmay_misc_feat_pillars, uniq_maggie, uniq_maurice
Temple:   nicolae_temple_colour_theory

Skill      XL: |  1  2  3  4  5  6  7  8 |
---------------+-------------------------+-----
Stealth        | 7 8 9 10 | 10.4
Dodging        | 3 4 5 6 |  6.0
Fighting       | 4 5 6 |  6.5
Short Blades   | 3 4 |  4.5

Action                     |  1- 3 |  4- 6 |  7- 9 || total
---------------------------+-------+-------+-------++-------
  Melee: Short sword       |    55 |       |       ||    55
         Constrict         |    11 |    11 |    21 ||    43
         Tentacles         |     9 |    20 |    27 ||    56
         Punch             |     1 |     3 |     3 ||     7
         Dagger            |     3 |    86 |   113 ||   202
 Invoke: Sacrifice Essence |       |       |     1 ||     1
    Use: Potion            |     1 |     3 |       ||     4
         Scroll            |     1 |       |       ||     1
   Stab: Sleeping          |    10 |     9 |    14 ||    33
         Fleeing           |     1 |       |       ||     1
         Distracted        |       |       |     1 ||     1
 Armour: Skin              |    24 |    30 |    45 ||    99
  Dodge: Dodged            |    32 |    34 |    65 ||   131
